 Dungeon Crawl Stone Soup version 0.21-a0-529-g8c7b3f5 (webtiles) character file.

396 slep the Chopper (level 6, 0/32 HPs)
             Began as a Vine Stalker Gladiator on Dec 11, 2017.
             Was an Initiate of Okawaru.
             Slain by a gnoll
             ... wielding a +0 spear
              (2 damage)
             ... on level 4 of the Dungeon.
             The game lasted 00:08:21 (2059 turns).

slep the Chopper (Vine Stalker Gladiator)           Turns: 2059, Time: 00:08:21

Health: 0/32       AC:  4    Str: 18    XL:     6   Next: 82%
Magic:  0/7        EV: 12    Int:  8    God:    Okawaru [......]
Gold:   153        SH:  4    Dex: 16    Spells: 5/5 levels left

rFire    . . .     SeeInvis .   a - +0 war axe
rCold    . . .     Gourm    .   o - +0 buckler
rNeg     + . .     Faith    .   b - +0 leather armour
rPois    .         Spirit   +   c - +0 helmet
rElec    .         Reflect  .   (no cloak)
rCorr    .         Harm     .   (no gloves)
MR       .....                  (no boots)
Stlth    ++........             (no amulet)
HPRegen  0.50/turn              q - ring of positive energy
MPRegen  0.10/turn              (no ring)

@: no status effects
A: fangs 2, regeneration 1, magic shield, antimagic bite, no potion heal 3, rot
immunity
a: Renounce Religion


You were on level 4 of the Dungeon.
You worshipped Okawaru.
Okawaru was noncommittal.
You were not hungry.

You visited 2 branches of the dungeon, and saw 5 of its levels.

You collected 153 gold pieces.

Inventory:

Hand Weapons
 a - a +0 war axe (weapon)
Missiles
 d - 3 throwing nets (quivered)
Armour
 b - a +0 leather armour (worn)
 c - a +0 helmet (worn)
 o - a +0 buckler (worn)
Magical Staves
 u - an uncursed staff of conjuration {unknown}
Jewellery
 q - a ring of positive energy (left hand)
Wands
 r - a wand of enslavement (11)
Scrolls
 e - a scroll of blinking {unknown}
 g - 2 scrolls of enchant armour {unknown}
 h - a scroll of enchant weapon {unknown}
 i - a scroll of amnesia {unknown}
 k - 2 scrolls of identify {unknown}
 l - a scroll of teleportation {unknown}
 m - a scroll of magic mapping {unknown}
 n - a scroll of remove curse {unknown}
 s - a scroll of fog {unknown}
Potions
 j - a potion of ambrosia {unknown}
 p - a potion of flight {unknown}
 t - a potion of agility {unknown}
 w - a potion of might {unknown}
Comestibles
 f - 4 bread rations


   Skills:
 + Level 2.6 Fighting
 + Level 5.3 Axes
 + Level 1.9 Throwing
 + Level 1.7 Armour
 + Level 3.0 Dodging
 + Level 1.1 Stealth
 + Level 0.4 Shields


You had 5 spell levels left.
You didn't know any spells.

Dungeon Overview and Level Annotations

Branches:
Dungeon (4/15)             Temple (1/1) D:4

Altars:
Ashenzari
Cheibriados
Dithmenos
Elyvilon
Fedhas
Hepliaklqana
Nemelex Xobeh
Okawaru
Ru
Sif Muna
Uskayaw
Wu Jian
Xom
Yredelemnul
The Shining One


Innate Abilities, Weirdness & Mutations

You have extremely sharp teeth.
Your natural rate of healing is unusually fast.
When hurt, damage is shared between your health and your magic reserves.
Your bite disrupts and absorbs the magic of your enemies.
Potions cannot restore your health.
You are immune to rotting.


Message History

The gnoll barely misses you.
You closely miss the gnoll.
The gnoll is severely wounded.
The gnoll hits you but does no damage.
The gnoll hits you from afar with a spear!
You block the gnoll's attack.
You barely miss the gnoll. Your bite misses the gnoll.
The gnoll is severely wounded.
The gnoll barely misses you. The gnoll hits you but does no damage.
The gnoll closely misses you. The gnoll hits you with a spear!
You hit the gnoll but do no damage. You bite the gnoll. You drain its power.
You feel invigorated.
The gnoll is almost dead.
The gnoll hits you from afar with a spear!
* * * LOW HITPOINT WARNING * * *
The gnoll closely misses you. The gnoll hits you but does no damage.
The gnoll hits you from afar with a spear.
* * * LOW HITPOINT WARNING * * *
The gnoll hits you from afar with a spear.
You die...

#...# ############# #####...##
............# ########...#.....
#..........# ##..†)......#.....
#..........# #....†......##....
#..........###'###†......##....
#..........#.....#.......##....
#..........#.⌠.⌠.#.......')....
#.........)'..@gg'.......##...†
###..........#.⌠.⌠g#.............
....#'########.....#......####...
##.##.# ###+###.##.### #...
....#.# #.##.# #... .......#
..##.# #### ......... ...+..#
.......... ...# ..........


You could see 3 gnolls.

Vanquished Creatures
  4 orc priests (D:4)
  A hound (D:4)
  2 orc wizards (D:4)
  2 worker ants (D:4)
  A hound skeleton (D:4)
  3 adders
  A shadow imp (D:4)
  2 worms
  2 dart slugs
  2 leopard geckos
  7 orcs
  3 giant cockroaches (D:3)
  5 goblins
  7 hobgoblins
  16 jackals
  A quokka (D:3)
  8 bats
  2 frilled lizards
  9 kobolds
  8 rats
86 creatures vanquished.

Notes
Turn   | Place    | Note
-------+----------+-------------------------------------------
     0 | D:1      | slep the Vine Stalker Gladiator began the quest for the Orb.
     0 | D:1      | Reached XP level 1. HP: 11/11 MP: 2/2
    52 | D:1      | Reached XP level 2. HP: 15/15 MP: 3/3
    53 | D:1      | Reached skill level 3 in Axes
   331 | D:1      | Found a shattered altar of Ashenzari.
   353 | D:1      | Reached XP level 3. HP: 18/18 MP: 4/4
   561 | D:2      | Found a white marble altar of Elyvilon.
   697 | D:2      | Found a hazy altar of Hepliaklqana.
   711 | D:2      | Found an ornate altar of the Wu Jian Council.
   711 | D:2      | Found a shimmering altar of Xom.
   756 | D:2      | Found a faded altar of an unknown god.
   952 | D:2      | Gained mutation: Your natural rate of healing is unusually fast. [Vine Stalker growth]
   952 | D:2      | Reached XP level 4. HP: 20/23 MP: 5/5
  1209 | D:3      | Found a deep blue altar of Sif Muna.
  1722 | D:4      | Reached skill level 4 in Axes
  1722 | D:4      | Reached skill level 1 in Armour
  1722 | D:4      | Reached XP level 5. HP: 27/27 MP: 6/6
  1762 | D:4      | Found a staircase to the Ecumenical Temple.
  1768 | Temple   | Entered the Ecumenical Temple
  1796 | Temple   | Became a worshipper of Warmaster Okawaru
  1861 | D:4      | Reached XP level 6. HP: 29/32 MP: 5/7
  1899 | D:4      | Reached skill level 1 in Stealth
  1923 | D:4      | Reached skill level 5 in Axes
  2059 | D:4      | Slain by a gnoll

Vault maps used:
D:1:      lordsloth_arrival_two_stooges, nrook_mini_vaults,
          evilmike_ruin_ashenzari
D:2:      minitemple, lemuel_crystal_altar, chequers_ecumenical_altar_island,
          minmay_fountain_box, nrook_mini_backslash
D:3:      old_standard_altar, minivault_25
D:4:      minmay_temple_entry_hall, first_bread
Temple:   eino_wide_crystal_templ

Skill      XL: |  1  2  3  4  5  6 |
---------------+-------------------+-----
Axes           | 3 4 5 |  5.3
Fighting       | 2 |  2.6
Armour         | 1 |  1.7
Dodging        | 3 |  3.0
Stealth        | 1 |  1.1
Throwing       | |  1.9
Shields        | |  0.4

Action                   |  1- 3 |  4- 6 || total
-------------------------+-------+-------++-------
Melee: War axe           |   100 |   122 ||   222
       Bite              |    25 |    38 ||    63
 Stab: Sleeping          |     1 |     1 ||     2
  Eat: Chunk             |       |     4 ||     4
Armor: Leather armour    |    41 |    26 ||    67
Dodge: Dodged            |    89 |    80 ||   169
Block: Buckler           |     4 |    19 ||    23

Table legend:
 A = Spawn XP
 B = Non-spawn XP
 C = Spawn XP percentage of total XP
 D = Spawn monster count
 E = Non-spawn monster count
 F = Spawn count percentage of total count
 G = Total turns spent on level
                    A         B        C        D         E        F      G
               +---------+---------+-------+---------+---------+-------+---------
         Total |       0 |     566 |   0.0 |       0 |      86 |   0.0 |  2059
               +---------+---------+-------+---------+---------+-------+---------
           D:1 |       0 |      37 |   0.0 |       0 |      22 |   0.0 |   561
           D:2 |       0 |      45 |   0.0 |       0 |      24 |   0.0 |   419
           D:3 |       0 |      59 |   0.0 |       0 |      17 |   0.0 |   715
           D:4 |       0 |     425 |   0.0 |       0 |      23 |   0.0 |   268
               +---------+---------+-------+---------+---------+-------+---------
